 Dungeon Crawl Stone Soup version 0.13-a0-2531-g2ad9301 (webtiles) character file.

204 Kae the Ruinous (level 4, -1/24 HPs)
             Began as a Tengu Fire Elementalist on July 26, 2013.
             Slain by a quasit (2 damage)
             ... on Level 2 of the Dungeon.
             The game lasted 00:02:49 (2666 turns).

Kae the Ruinous (Tengu Fire Elementalist)           Turns: 2666, Time: 00:02:49

HP  -1/24        AC  2     Str  8      XL: 4   Next: 91%
MP   1/8         EV 12     Int 16      God:
Gold 94          SH  0     Dex 13 (15) Spells:  1 memorised,  5 levels left

Res.Fire  : . . .   See Invis. : .   k - +0 short sword
Res.Cold  : . . .   Warding    : .   a - +0 robe
Life Prot.: . . .   Conserve   : .   (no shield)
Res.Poison: .       Res.Corr.  : .   (helmet restricted)
Res.Elec. : .       Clarity    : .   (no cloak)
Sust.Abil.: . .     Spirit.Shd : .   (no gloves)
Res.Mut.  : .       Stasis     : .   (boots unavailable)
Res.Rott. : .       Flight     : .   (no amulet)
Saprovore : . . .                    (no ring)
                                     (no ring)

@: slightly resistant to hostile enchantments, fairly stealthy
A: beak, talons 3
a: no special abilities


You were on level 2 of the Dungeon.
You were hungry.

You visited 1 branch of the dungeon, and saw 2 of its levels.

You collected 74 gold pieces.

Inventory:

Hand weapons
 k - a +0,+0 short sword (weapon)
Armour
 a - a +0 robe (worn)
Comestibles
 c - a bread ration
 j - a meat ration
 l - 11 strawberries
Scrolls
 d - a scroll of enchant weapon II {unknown}
 e - a scroll of fear {unknown}
 f - a scroll of random uselessness {unknown}
 h - a scroll of identify {unknown}
 i - 2 scrolls of remove curse {unknown}
 n - a scroll of amnesia {unknown}
Potions
 g - a potion of heal wounds {unknown}
 m - a potion of magic {unknown}
Books
 b - a book of Flames

   Spells                             Type                      Level
   *Flame Tongue                      Conjuration/Fire             1
   Throw Flame                        Conjuration/Fire             2
   Conjure Flame                      Conjuration/Fire             3
   Inner Flame                        Hexes/Fire                   3
   Sticky Flame                       Conjuration/Fire             4
   Fireball                           Conjuration/Fire             5


   Skills:
 - Level 2.1 Dodging
 - Level 2.0 Stealth
 + Level 1.8 Spellcasting
 * Level 4.5 Conjurations
 + Level 4.1 Fire Magic


You had 5 spell levels left.
You knew the following spells:

 Your Spells              Type           Power        Failure   Level  Hunger
a - Flame Tongue          Conj/Fire      ###..        4%          1    ##.....


Dungeon Overview and Level Annotations

Branches:
Dungeon (2/27)

Altars:


Innate Abilities, Weirdness & Mutations

You have a beak for a mouth.
You have claws for feet.


Message History

Casting: Flame Tongue
Confirm with . or Enter, or press ? or * to list all spells.
Aiming: Flame Tongue
Press: ? - help, Shift-Dir - straight line, f/p - quasit
Aim: a quasit (lightly wounded)
The flame hits the quasit.
The quasit resists.
The quasit is moderately wounded.
The quasit bites you.
* * * LOW HITPOINT WARNING * * *
You feel clumsy. The quasit claws you.
* * * LOW HITPOINT WARNING * * *
The quasit closely misses you. The quasit barely misses you.
The quasit closely misses you. The quasit claws you.
* * * LOW HITPOINT WARNING * * *
The quasit bites you.
* * * LOW HITPOINT WARNING * * *
The quasit claws you.
You die...

#.### #.... #..## #####..#.
##### #........
#...#####.###).#. ########
#..........#..... .......#
#####...#####.#...... ######.#
#..5@.....# ####...## #%#
#.#.##.##.# ##.## #####.####
#.#.##.##.# #.# #........#
#.#.##.##.# #.# #.###.##.#
#.#....##.# ##'## #.##.#
#.#..#.##.# ##...## #....#
#.#..#.##.# ##.....# ##.###.#
#.#.......# ##.......
#.#...##.###........####........


You could see a quasit.

Vanquished Creatures
  6 adders (D:2)
  A giant gecko (D:2)
  An ooze (D:2)
  7 bats
  2 giant cockroaches
  8 hobgoblins
  2 jackals (D:2)
  3 giant newts
  8 goblins
  8 kobolds
  5 rats
51 creatures vanquished.

Notes
Turn   | Place    | Note
--------------------------------------------------------------
     0 | D:1      | Kae, the Tengu Fire Elementalist, began the quest for the Orb.
     0 | D:1      | Reached XP level 1. HP: 10/10 MP: 3/3
   113 | D:1      | Reached XP level 2. HP: 4/15 MP: 0/5
  1105 | D:2      | Reached XP level 3. HP: 17/19 MP: 2/7
  1607 | D:2      | Reached XP level 4. HP: 24/24 MP: 6/8
  1657 | D:2      | Reached skill level 4 in Fire Magic
  2666 | D:2      | HP: 1/24 [quasit (1)]
  2666 | D:2      | Slain by a quasit

Action                   |  1- 3 |  4- 6 || total
-------------------------+-------+-------++-------
Melee: Unarmed           |    30 |       ||    30
       Short sword       |     2 |    13 ||    15
 Cast: Flame Tongue      |    57 |    32 ||    89
 Stab: Sleeping          |     1 |       ||     1
